1961 views
Uploaded 2023-02-09 01:53:42
Game version 1.35 (6115)
25:26 long 3on3 ladder game on (6)UpperKingdom
Saved by GIGA
1961 views
Uploaded 2023-02-09 01:53:42
Game version 1.35 (6115)
25:26 long 3on3 ladder game on (6)UpperKingdom


73 units @ 6.6k
/ 0.7k
123 buildings @ 8.4k
/ 3.8k


| Peasant | 21 | 1575 | / | 0 |
| Mortar Team | 2 | 360 | / | 140 |
| Flying Machine | 11 | 1100 | / | 330 |
| Dragonhawk Rider | 2 | 400 | / | 60 |
| total: | 36 | 3435g | / | 530w |
| Scout Tower | 34 | 1020 | / | 680 |
| Guard Tower | 12 | 840 | / | 600 |
| Arcane Tower | 3 | 210 | / | 150 |
| Altar of Kings | 2 | 360 | / | 100 |
| Farm | 13 | 1040 | / | 260 |
| Lumber Mill | 1 | 120 | / | 0 |
| Town Hall | 1 | 385 | / | 205 |
| Blacksmith | 1 | 140 | / | 60 |
| Arcane Vault | 2 | 260 | / | 60 |
| Workshop | 3 | 420 | / | 420 |
| Gryphon Aviary | 1 | 140 | / | 150 |
| Keep | 1 | 320 | / | 210 |
| Castle | 1 | 360 | / | 210 |
| total: | 58 | 3885g | / | 1935w |
| 0:03 | Peasant |
| 0:06 | Peasant |
| 0:19 | Altar of Kings |
| 0:20 | Peasant |
| 0:20 | Peasant |
| 0:34 | Farm |
| 0:35 | Peasant |
| 0:52 | Lumber Mill |
| 0:53 | Peasant |
| 0:55 | Peasant |
| 0:58 | Peasant |
| 1:06 | Farm |
| 1:09 | Peasant |
| 1:32 | Scout Tower |
| 1:35 | Peasant |
| 1:46 | Peasant |
| 1:52 | Scout Tower |
| 1:56 | Peasant |
| 2:08 | Peasant |
| 2:13 | Farm |
| 2:13 | Farm |
| 2:17 | Scout Tower |
| 2:18 | Guard Tower |
| 2:19 | Arcane Tower |
| 2:30 | Storm Bolt |
| 2:31 | Peasant |
| 2:33 | Scout Tower |
| 2:54 | Scout Tower |
| 2:55 | Guard Tower |
| 3:23 | Town Hall |
| 3:31 | Scout Tower |
| 3:35 | Scout Tower |
| 3:40 | Peasant |
| 3:40 | Peasant |
| 3:41 | Peasant |
| 3:41 | Peasant |
| 3:41 | Peasant |
| 3:46 | Improved Lumber Harvesting |
| 3:53 | Arcane Tower |
| 4:23 | Guard Tower |
| 4:26 | Scout Tower |
| 4:29 | Scout Tower |
| 4:30 | Scout Tower |
| 4:33 | Scout Tower |
| 4:45 | Keep |
| 4:50 | Scout Tower |
| 4:52 | Scout Tower |
| 5:02 | Blacksmith |
| 5:05 | Guard Tower |
| 5:09 | Improved Masonry |
| 5:12 | Guard Tower |
| 5:33 | Guard Tower |
| 5:35 | Scout Tower |
| 5:36 | Scout Tower |
| 5:39 | Guard Tower |
| 5:40 | Scout Tower |
| 5:45 | Peasant |
| 5:45 | Peasant |
| 6:36 | Black Gunpowder |
| 6:48 | Guard Tower |
| 7:06 | Scout Tower |
| 7:07 | Scout Tower |
| 7:07 | Scout Tower |
| 7:08 | Scout Tower |
| 7:09 | Scout Tower |
| 7:09 | Scout Tower |
| 7:13 | Advanced Masonry |
| 7:13 | Advanced Lumber Harvesting |
| 7:18 | Castle |
| 7:28 | Workshop |
| 7:31 | Workshop |
| 7:35 | Workshop |
| 8:42 | Flak Cannons |
| 8:42 | Flare |
| 8:43 | Mortar Team |
| 8:46 | Farm |
| 8:47 | Farm |
| 8:48 | Farm |
| 8:49 | Farm |
| 9:19 | Guard Tower |
| 9:24 | Scout Tower |
| 9:24 | Scout Tower |
| 9:25 | Scout Tower |
| 9:26 | Scout Tower |
| 9:42 | Fragmentation Shards |
| 9:43 | Flying Machine Bombs |
| 9:44 | Refined Gunpowder |
| 9:44 | Iron Plating |
| 10:14 | Imbued Masonry |
| 10:21 | Scout Tower |
| 10:46 | Guard Tower |
| 10:54 | Scout Tower |
| 10:55 | Guard Tower |
| 11:24 | Flying Machine |
| 11:51 | Storm Bolt |
| 11:53 | Holy Light |
| 12:02 | Flying Machine |
| 12:02 | Flying Machine |
| 12:02 | Flying Machine |
| 12:03 | Flying Machine |
| 12:03 | Flying Machine |
| 12:03 | Flying Machine |
| 12:04 | Flying Machine |
| 12:16 | Gryphon Aviary |
| 12:20 | Arcane Vault |
| 12:22 | Arcane Vault |
| 12:25 | Imbued Gunpowder |
| 12:56 | Flying Machine |
| 12:57 | Flying Machine |
| 13:00 | Farm |
| 13:02 | Farm |
| 13:03 | Farm |
| 13:25 | Cloud |
| 13:26 | Dragonhawk Rider |
| 13:26 | Dragonhawk Rider |
| 13:38 | Farm |
| 13:39 | Farm |
| 13:51 | Guard Tower |
| 14:02 | Flying Machine |
| 16:36 | Mortar Team |
| 21:44 | Devotion Aura |
| 22:46 | Altar of Kings |
| 23:09 | Storm Bolt |
| 23:22 | Scout Tower |
| 23:22 | Scout Tower |
| 23:23 | Scout Tower |
| 23:24 | Scout Tower |
| 23:24 | Scout Tower |
| 23:24 | Scout Tower |
| 24:09 | Arcane Tower |
| Right click | 1375 |
| Select | 345 |
| Select group | 315 |
| Build/train/purchase | 82 |
| Use ability | 57 |
| Misc. action | 41 |
| Resource trade | 30 |
| Assign group | 13 |
| Minimap ping | 8 |
| Remove unit | 2 |
| Esc | 2 |
GIGA
(207)
(25:21) : 
| Healing Salve | 2 | 200 |
| Lesser Clarity Potion | 1 | 70 |
| Orb of Lightning | 1 | 375 |
| Potion of Mana | 1 | 200 |
| Tiny Great Hall | 1 | 600 |
| total: | 6 | 1445g |
| Peon | 17 | 1275 | / | 0 |
| Troll Witch Doctor | 5 | 725 | / | 125 |
| total: | 22 | 2000g | / | 125w |
| Watch Tower | 2 | 220 | / | 160 |
| Altar of Storms | 1 | 180 | / | 50 |
| Orc Burrow | 4 | 640 | / | 160 |
| Voodoo Lounge | 2 | 260 | / | 60 |
| War Mill | 1 | 205 | / | 0 |
| Great Hall | 1 | 385 | / | 185 |
| Spirit Lodge | 1 | 150 | / | 150 |
| Stronghold | 1 | 315 | / | 190 |
| Fortress | 1 | 325 | / | 190 |
| total: | 12 | 2040g | / | 765w |
| 0:03 | Peon |
| 0:03 | Peon |
| 0:08 | Altar of Storms |
| 0:11 | Orc Burrow |
| 0:18 | Peon |
| 0:30 | Peon |
| 0:47 | Peon |
| 0:58 | Peon |
| 1:07 | Voodoo Lounge |
| 1:18 | War Mill |
| 1:21 | Peon |
| 1:31 | Peon |
| 1:53 | Peon |
| 1:58 | Orc Burrow |
| 2:12 | Healing Salve |
| 2:12 | Lesser Clarity Potion |
| 2:19 | Peon |
| 2:24 | Peon |
| 2:29 | Wind Walk |
| 2:36 | Peon |
| 3:28 | Peon |
| 3:28 | Peon |
| 3:31 | Watch Tower |
| 3:31 | Watch Tower |
| 3:34 | Orc Burrow |
| 5:01 | Bash |
| 5:03 | Bash |
| 5:05 | Critical Strike |
| 6:42 | Great Hall |
| 6:46 | Healing Salve |
| 9:08 | Stronghold |
| 11:31 | Fortress |
| 11:42 | Spirit Lodge |
| 12:51 | Wind Walk |
| 13:21 | Voodoo Lounge |
| 14:10 | Witch Doctor Adept Training |
| 15:43 | Witch Doctor Master Training |
| 16:21 | Orb of Lightning |
| 16:24 | Troll Witch Doctor |
| 16:24 | Troll Witch Doctor |
| 16:58 | Peon |
| 17:19 | Orc Burrow |
| 18:16 | Peon |
| 18:17 | Peon |
| 18:19 | Troll Witch Doctor |
| 19:31 | Troll Witch Doctor |
| 19:32 | Troll Witch Doctor |
| 20:46 | Potion of Mana |
| 22:18 | Critical Strike |
| 22:21 | Tiny Great Hall |
| Right click | 1951 |
| Select | 309 |
| Select group | 205 |
| Build/train/purchase | 86 |
| Resource trade | 74 |
| Use ability | 37 |
| Minimap ping | 15 |
| Misc. action | 10 |
| Assign group | 4 |
| Chat | 4 |
| Item give/drop | 3 |
| Esc | 1 |


| Peasant | 15 | 1125 | / | 0 |
| total: | 15 | 1125g | / | 0w |
| Scout Tower | 41 | 1230 | / | 820 |
| Arcane Tower | 11 | 770 | / | 550 |
| Guard Tower | 14 | 980 | / | 700 |
| Altar of Kings | 2 | 360 | / | 100 |
| Farm | 8 | 640 | / | 160 |
| Lumber Mill | 2 | 240 | / | 0 |
| Keep | 1 | 320 | / | 210 |
| total: | 53 | 2470g | / | 1080w |
| 0:04 | Altar of Kings |
| 0:07 | Farm |
| 0:08 | Peasant |
| 0:14 | Peasant |
| 0:22 | Peasant |
| 0:44 | Farm |
| 0:47 | Peasant |
| 1:00 | Lumber Mill |
| 1:11 | Peasant |
| 1:14 | Scout Tower |
| 1:22 | Peasant |
| 1:30 | Peasant |
| 1:46 | Farm |
| 1:47 | Arcane Tower |
| 1:49 | Peasant |
| 2:02 | Improved Masonry |
| 2:04 | Improved Lumber Harvesting |
| 2:20 | Peasant |
| 2:20 | Peasant |
| 2:24 | Scout Tower |
| 2:26 | Peasant |
| 2:40 | Storm Bolt |
| 2:45 | Advanced Masonry |
| 2:50 | Scout Tower |
| 2:51 | Guard Tower |
| 2:52 | Peasant |
| 3:12 | Scout Tower |
| 3:12 | Scout Tower |
| 3:13 | Scout Tower |
| 3:20 | Peasant |
| 3:44 | Guard Tower |
| 3:48 | Scout Tower |
| 3:49 | Scout Tower |
| 3:50 | Scout Tower |
| 3:57 | Peasant |
| 3:57 | Peasant |
| 4:09 | Scout Tower |
| 4:10 | Scout Tower |
| 4:13 | Scout Tower |
| 4:18 | Guard Tower |
| 4:31 | Keep |
| 4:42 | Scout Tower |
| 4:42 | Scout Tower |
| 4:44 | Scout Tower |
| 4:47 | Scout Tower |
| 4:49 | Guard Tower |
| 4:52 | Guard Tower |
| 4:55 | Guard Tower |
| 5:12 | Scout Tower |
| 5:16 | Guard Tower |
| 5:25 | Scout Tower |
| 5:26 | Guard Tower |
| 5:29 | Scout Tower |
| 5:32 | Scout Tower |
| 5:38 | Scout Tower |
| 5:40 | Arcane Tower |
| 5:48 | Scout Tower |
| 5:59 | Arcane Tower |
| 6:00 | Guard Tower |
| 6:03 | Scout Tower |
| 6:09 | Scout Tower |
| 6:17 | Scout Tower |
| 6:19 | Scout Tower |
| 6:21 | Scout Tower |
| 6:22 | Scout Tower |
| 6:24 | Scout Tower |
| 6:26 | Arcane Tower |
| 6:31 | Arcane Tower |
| 6:37 | Arcane Tower |
| 6:42 | Scout Tower |
| 6:46 | Arcane Tower |
| 7:01 | Arcane Tower |
| 7:10 | Scout Tower |
| 7:12 | Arcane Tower |
| 7:14 | Arcane Tower |
| 7:41 | Imbued Masonry |
| 8:06 | Arcane Tower |
| 8:30 | Holy Light |
| 8:45 | Lumber Mill |
| 9:23 | Scout Tower |
| 9:25 | Scout Tower |
| 9:27 | Scout Tower |
| 9:29 | Scout Tower |
| 9:30 | Scout Tower |
| 9:59 | Guard Tower |
| 10:01 | Guard Tower |
| 10:04 | Scout Tower |
| 10:05 | Scout Tower |
| 10:22 | Guard Tower |
| 10:24 | Scout Tower |
| 10:29 | Guard Tower |
| 10:43 | Guard Tower |
| 17:51 | Altar of Kings |
| 17:54 | Farm |
| 17:55 | Farm |
| 17:55 | Farm |
| 17:55 | Farm |
| 19:26 | Farm |
| 23:31 | Scout Tower |
| 23:32 | Scout Tower |
| Right click | 578 |
| Select group | 444 |
| Select | 223 |
| Build/train/purchase | 55 |
| Resource trade | 23 |
| Chat | 19 |
| Assign group | 16 |
| Misc. action | 7 |
| Use ability | 3 |
| Remove unit | 1 |
| Esc | 1 |
| Minimap ping | 1 |
160 units @ 18.6k
/ 1.9k
119 buildings @ 17.8k
/ 8.7k


| Healing Salve | 6 | 600 |
| Lesser Clarity Potion | 5 | 350 |
| Scroll of Speed | 2 | 100 |
| Potion of Mana | 2 | 400 |
| Potion of Healing | 1 | 150 |
| Orb of Lightning | 1 | 375 |
| Scroll of Town Portal | 1 | 350 |
| total: | 18 | 2325g |
| Peon | 28 | 2100 | / | 0 |
| Troll Headhunter | 12 | 1680 | / | 240 |
| Raider | 3 | 540 | / | 120 |
| Troll Batrider | 7 | 1120 | / | 280 |
| total: | 50 | 5440g | / | 640w |
| Watch Tower | 13 | 1430 | / | 1040 |
| Altar of Storms | 2 | 360 | / | 100 |
| War Mill | 2 | 410 | / | 0 |
| Orc Burrow | 5 | 800 | / | 200 |
| Barracks | 2 | 360 | / | 100 |
| Voodoo Lounge | 1 | 130 | / | 30 |
| Great Hall | 3 | 1155 | / | 555 |
| Beastiary | 3 | 435 | / | 420 |
| Stronghold | 1 | 315 | / | 190 |
| Fortress | 1 | 325 | / | 190 |
| total: | 31 | 5080g | / | 2445w |
| 0:03 | Peon |
| 0:03 | Peon |
| 0:08 | Altar of Storms |
| 0:10 | War Mill |
| 0:13 | Orc Burrow |
| 0:15 | Peon |
| 0:27 | Peon |
| 0:52 | Barracks |
| 1:04 | Altar of Storms |
| 1:12 | Peon |
| 1:27 | Peon |
| 1:41 | Orc Burrow |
| 1:48 | Peon |
| 1:57 | Troll Headhunter |
| 2:12 | Troll Headhunter |
| 2:29 | Voodoo Lounge |
| 2:37 | Troll Headhunter |
| 2:38 | Troll Headhunter |
| 2:55 | Troll Headhunter |
| 3:04 | Endurance Aura |
| 3:07 | Troll Headhunter |
| 3:12 | Orc Burrow |
| 3:40 | Troll Headhunter |
| 3:43 | Watch Tower |
| 3:44 | Peon |
| 4:03 | Shockwave |
| 4:07 | Troll Headhunter |
| 4:09 | Steel Ranged Weapons |
| 4:17 | Troll Headhunter |
| 4:23 | Healing Salve |
| 4:28 | Troll Headhunter |
| 4:41 | Troll Headhunter |
| 5:11 | Stronghold |
| 5:22 | Shockwave |
| 6:00 | Troll Headhunter |
| 6:03 | Orc Burrow |
| 6:07 | Spiked Barricades |
| 6:08 | Healing Salve |
| 6:09 | Lesser Clarity Potion |
| 6:12 | Healing Salve |
| 6:20 | Scroll of Speed |
| 7:10 | Endurance Aura |
| 7:13 | Great Hall |
| 8:32 | Beastiary |
| 8:33 | Beastiary |
| 8:36 | Reinforced Defenses |
| 8:36 | Steel Melee Weapons |
| 8:54 | Watch Tower |
| 8:54 | Watch Tower |
| 9:19 | Peon |
| 9:19 | Peon |
| 9:19 | Peon |
| 9:35 | Peon |
| 9:35 | Peon |
| 9:35 | Peon |
| 9:35 | Peon |
| 9:47 | Barracks |
| 9:50 | Ensnare |
| 9:50 | Raider |
| 10:23 | Watch Tower |
| 10:32 | Hex |
| 10:33 | Lesser Clarity Potion |
| 10:33 | Lesser Clarity Potion |
| 10:34 | Scroll of Speed |
| 10:34 | Healing Salve |
| 10:37 | Shockwave |
| 10:44 | Peon |
| 10:44 | Peon |
| 10:44 | Peon |
| 11:32 | Great Hall |
| 11:39 | Healing Wave |
| 11:45 | Watch Tower |
| 12:05 | Fortress |
| 12:42 | Watch Tower |
| 13:03 | Watch Tower |
| 13:08 | Orc Burrow |
| 13:19 | Healing Wave |
| 13:36 | Peon |
| 13:36 | Peon |
| 14:39 | Great Hall |
| 15:28 | Liquid Fire |
| 15:29 | Troll Batrider |
| 15:29 | Troll Batrider |
| 15:32 | Beastiary |
| 15:43 | Watch Tower |
| 15:48 | Watch Tower |
| 15:50 | Lesser Clarity Potion |
| 15:50 | Potion of Mana |
| 15:50 | Potion of Healing |
| 15:52 | Scroll of Town Portal |
| 15:58 | Peon |
| 15:58 | Peon |
| 15:58 | Peon |
| 16:13 | Troll Batrider |
| 16:13 | Troll Batrider |
| 16:26 | War Mill |
| 16:46 | Troll Batrider |
| 18:49 | Troll Batrider |
| 18:50 | Troll Batrider |
| 19:21 | Raider |
| 21:04 | Watch Tower |
| 21:05 | Peon |
| 21:06 | Peon |
| 21:08 | Watch Tower |
| 22:02 | Raider |
| 22:03 | Steel Armor |
| 22:04 | Thorium Melee Weapons |
| 22:09 | Watch Tower |
| 22:11 | Watch Tower |
| 22:16 | Peon |
| 22:16 | Peon |
| 22:16 | Peon |
| 23:03 | Lesser Clarity Potion |
| 23:04 | Healing Salve |
| 23:05 | Healing Salve |
| 23:59 | Orb of Lightning |
| 24:37 | Potion of Mana |
| 25:01 | Hex |
| Right click | 1153 |
| Select group | 538 |
| Select | 375 |
| Misc. action | 139 |
| Build/train/purchase | 106 |
| Use ability | 88 |
| Assign group | 32 |
| Chat | 25 |
| Minimap ping | 12 |
| Item give/drop | 3 |
| Remove unit | 2 |


| Rod of Necromancy | 3 | 450 |
| Scroll of Town Portal | 2 | 700 |
| total: | 5 | 1150g |
| Acolyte | 24 | 1800 | / | 0 |
| Ghoul | 15 | 1800 | / | 0 |
| Crypt Fiend | 6 | 1290 | / | 240 |
| Obsidian Statue | 5 | 1000 | / | 175 |
| Necromancer | 16 | 2320 | / | 320 |
| Meat Wagon | 1 | 230 | / | 50 |
| total: | 67 | 8440g | / | 785w |
| Nerubian Tower | 2 | 200 | / | 40 |
| Crypt | 1 | 200 | / | 50 |
| Ziggurat | 10 | 1500 | / | 500 |
| Altar of Darkness | 3 | 540 | / | 150 |
| Tomb of Relics | 2 | 260 | / | 60 |
| Graveyard | 1 | 215 | / | 0 |
| Necropolis | 2 | 450 | / | 0 |
| Slaughterhouse | 1 | 140 | / | 135 |
| Temple of the Damned | 2 | 310 | / | 280 |
| Halls of the Dead | 1 | 320 | / | 210 |
| Black Citadel | 1 | 325 | / | 230 |
| total: | 22 | 3615g | / | 1175w |
| 0:02 | Acolyte |
| 0:02 | Acolyte |
| 0:09 | Crypt |
| 0:13 | Ziggurat |
| 0:35 | Altar of Darkness |
| 0:59 | Tomb of Relics |
| 1:13 | Ghoul |
| 1:14 | Ghoul |
| 1:14 | Ghoul |
| 1:24 | Ziggurat |
| 1:28 | Ghoul |
| 1:51 | Graveyard |
| 2:03 | Ghoul |
| 2:03 | Ghoul |
| 2:03 | Ghoul |
| 2:03 | Ghoul |
| 2:03 | Ghoul |
| 2:03 | Ghoul |
| 2:03 | Ghoul |
| 2:03 | Ghoul |
| 2:03 | Ghoul |
| 2:16 | Ghoul |
| 2:16 | Ghoul |
| 2:34 | Rod of Necromancy |
| 2:34 | Rod of Necromancy |
| 2:48 | Death Coil |
| 3:39 | Crypt Fiend |
| 3:43 | Halls of the Dead |
| 4:01 | Crypt Fiend |
| 4:01 | Crypt Fiend |
| 4:18 | Unholy Aura |
| 4:43 | Ziggurat |
| 4:46 | Crypt Fiend |
| 4:47 | Creature Attack |
| 4:48 | Improved Creature Attack |
| 5:02 | Crypt Fiend |
| 5:59 | Crypt Fiend |
| 6:45 | Slaughterhouse |
| 6:55 | Temple of the Damned |
| 6:59 | Temple of the Damned |
| 7:09 | Rod of Necromancy |
| 7:14 | Frost Nova |
| 7:22 | Web |
| 8:09 | Death Coil |
| 8:24 | Banshee Adept Training |
| 8:24 | Banshee Master Training |
| 8:46 | Skeletal Mastery |
| 8:47 | Necromancer Adept Training |
| 8:47 | Necromancer Master Training |
| 8:54 | Obsidian Statue |
| 8:56 | Black Citadel |
| 9:38 | Obsidian Statue |
| 9:40 | Ziggurat |
| 9:44 | Ziggurat |
| 10:32 | Ziggurat |
| 10:35 | Ziggurat |
| 10:50 | Necromancer |
| 11:39 | Necromancer |
| 11:42 | Obsidian Statue |
| 11:42 | Obsidian Statue |
| 12:09 | Obsidian Statue |
| 12:45 | Necromancer |
| 13:05 | Acolyte |
| 13:55 | Meat Wagon |
| 14:08 | Scroll of Town Portal |
| 14:08 | Scroll of Town Portal |
| 14:51 | Acolyte |
| 14:51 | Acolyte |
| 14:51 | Acolyte |
| 14:51 | Acolyte |
| 14:51 | Acolyte |
| 14:51 | Acolyte |
| 14:51 | Acolyte |
| 14:51 | Acolyte |
| 14:51 | Acolyte |
| 15:02 | Acolyte |
| 15:02 | Acolyte |
| 15:02 | Acolyte |
| 15:02 | Acolyte |
| 15:02 | Acolyte |
| 15:02 | Acolyte |
| 15:02 | Acolyte |
| 15:02 | Acolyte |
| 15:02 | Acolyte |
| 19:04 | Altar of Darkness |
| 19:08 | Altar of Darkness |
| 20:24 | Necromancer |
| 20:24 | Necromancer |
| 20:24 | Necromancer |
| 20:24 | Necromancer |
| 21:11 | Necropolis |
| 21:16 | Ziggurat |
| 21:24 | Necropolis |
| 21:53 | Tomb of Relics |
| 22:20 | Necromancer |
| 22:21 | Necromancer |
| 22:21 | Necromancer |
| 22:24 | Frost Armor |
| 22:46 | Necromancer |
| 22:47 | Necromancer |
| 23:07 | Nerubian Tower |
| 23:13 | Ziggurat |
| 23:39 | Acolyte |
| 23:39 | Acolyte |
| 24:03 | Acolyte |
| 24:12 | Ziggurat |
| 24:58 | Necromancer |
| 24:58 | Necromancer |
| 24:58 | Necromancer |
| 24:58 | Necromancer |
| 25:25 | Unholy Aura |
| Select group | 1061 |
| Right click | 741 |
| Select | 413 |
| Build/train/purchase | 146 |
| Misc. action | 77 |
| Use ability | 41 |
| Assign group | 38 |
| Minimap ping | 23 |
| Esc | 6 |
| Item give/drop | 1 |


| Healing Salve | 5 | 500 |
| Lesser Clarity Potion | 5 | 350 |
| Potion of Healing | 5 | 750 |
| Orb of Lightning | 1 | 375 |
| Potion of Mana | 4 | 800 |
| Scroll of Town Portal | 1 | 350 |
| total: | 21 | 3125g |
| Peon | 28 | 2100 | / | 0 |
| Troll Headhunter | 8 | 1120 | / | 160 |
| Demolisher | 6 | 1320 | / | 300 |
| Troll Berserker | 1 | 140 | / | 20 |
| total: | 43 | 4680g | / | 480w |
| Watch Tower | 43 | 4730 | / | 3440 |
| Orc Burrow | 7 | 1120 | / | 280 |
| War Mill | 1 | 205 | / | 0 |
| Barracks | 4 | 720 | / | 200 |
| Altar of Storms | 1 | 180 | / | 50 |
| Voodoo Lounge | 4 | 520 | / | 120 |
| Great Hall | 3 | 1155 | / | 555 |
| Tauren Totem | 1 | 135 | / | 155 |
| Spirit Lodge | 2 | 300 | / | 300 |
| Stronghold | 2 | 630 | / | 380 |
| Fortress | 1 | 325 | / | 190 |
| total: | 66 | 9065g | / | 5100w |
| 0:04 | Peon |
| 0:04 | Peon |
| 0:15 | Peon |
| 0:32 | Orc Burrow |
| 0:33 | Peon |
| 0:33 | Peon |
| 0:48 | War Mill |
| 1:05 | Barracks |
| 1:08 | Peon |
| 1:14 | Altar of Storms |
| 1:33 | Orc Burrow |
| 1:39 | Peon |
| 1:40 | Peon |
| 1:58 | Peon |
| 2:08 | Voodoo Lounge |
| 2:23 | Troll Headhunter |
| 2:23 | Troll Headhunter |
| 2:41 | Troll Headhunter |
| 2:56 | Orc Burrow |
| 3:11 | Troll Headhunter |
| 3:18 | Shockwave |
| 3:27 | Troll Headhunter |
| 3:37 | Troll Headhunter |
| 3:48 | Peon |
| 4:01 | Peon |
| 4:26 | Troll Headhunter |
| 4:29 | Endurance Aura |
| 4:37 | Peon |
| 4:43 | Troll Headhunter |
| 4:46 | Healing Salve |
| 4:46 | Healing Salve |
| 4:46 | Healing Salve |
| 5:16 | Stronghold |
| 5:58 | Orc Burrow |
| 6:10 | Great Hall |
| 6:15 | Shockwave |
| 6:29 | Steel Ranged Weapons |
| 6:29 | Steel Armor |
| 6:58 | Orc Burrow |
| 8:10 | Fortress |
| 8:12 | Lesser Clarity Potion |
| 8:14 | Scroll of Town Portal |
| 8:14 | Potion of Healing |
| 8:15 | Healing Salve |
| 8:24 | Lesser Clarity Potion |
| 8:28 | Reinforced Defenses |
| 8:37 | Peon |
| 8:37 | Peon |
| 8:58 | Tauren Totem |
| 9:12 | Spirit Lodge |
| 9:14 | Spirit Lodge |
| 9:28 | Thorium Ranged Weapons |
| 9:35 | Troll Regeneration |
| 9:41 | Endurance Aura |
| 10:05 | Barracks |
| 10:22 | Orc Burrow |
| 10:28 | Shaman Adept Training |
| 10:32 | Peon |
| 10:32 | Peon |
| 10:32 | Peon |
| 10:48 | Pulverize |
| 10:49 | Witch Doctor Adept Training |
| 11:09 | Berserker Upgrade |
| 11:12 | Orb of Lightning |
| 11:13 | Potion of Healing |
| 11:13 | Potion of Healing |
| 11:23 | Potion of Healing |
| 11:25 | Healing Salve |
| 11:33 | Lesser Clarity Potion |
| 11:34 | Potion of Mana |
| 11:35 | Potion of Mana |
| 11:48 | Orc Burrow |
| 11:54 | Chain Lighting |
| 11:56 | Shaman Master Training |
| 11:57 | Witch Doctor Master Training |
| 13:14 | Shockwave |
| 13:29 | Peon |
| 13:31 | Peon |
| 13:33 | Feral Spirit |
| 13:40 | Watch Tower |
| 13:42 | Watch Tower |
| 13:45 | Watch Tower |
| 13:47 | Peon |
| 13:47 | Peon |
| 14:07 | Watch Tower |
| 14:10 | Watch Tower |
| 14:12 | Watch Tower |
| 14:44 | Reincarnation |
| 14:49 | Watch Tower |
| 14:50 | Watch Tower |
| 14:54 | Watch Tower |
| 15:36 | Watch Tower |
| 15:39 | Great Hall |
| 15:46 | Watch Tower |
| 15:47 | Watch Tower |
| 15:51 | Peon |
| 15:51 | Peon |
| 16:04 | Peon |
| 16:04 | Peon |
| 16:43 | Watch Tower |
| 16:46 | Watch Tower |
| 16:48 | Watch Tower |
| 17:03 | Peon |
| 17:03 | Peon |
| 17:03 | Peon |
| 17:08 | Spiked Barricades |
| 17:13 | Demolisher |
| 17:16 | Burning Oil |
| 17:30 | Watch Tower |
| 17:34 | Watch Tower |
| 17:47 | Watch Tower |
| 17:58 | Watch Tower |
| 18:13 | Watch Tower |
| 18:25 | Watch Tower |
| 18:45 | Watch Tower |
| 18:47 | Watch Tower |
| 18:53 | Chain Lighting |
| 19:06 | Watch Tower |
| 19:11 | Watch Tower |
| 19:44 | Great Hall |
| 19:50 | Steel Melee Weapons |
| 19:59 | Watch Tower |
| 20:21 | Watch Tower |
| 20:23 | Demolisher |
| 20:41 | Voodoo Lounge |
| 20:45 | Improved Spiked Barricades |
| 21:02 | Watch Tower |
| 21:03 | Watch Tower |
| 21:05 | Watch Tower |
| 21:08 | Troll Berserker |
| 21:10 | Demolisher |
| 21:12 | Barracks |
| 21:15 | Barracks |
| 21:29 | Watch Tower |
| 22:05 | Potion of Healing |
| 22:05 | Lesser Clarity Potion |
| 22:09 | Potion of Mana |
| 22:20 | Lesser Clarity Potion |
| 22:22 | Potion of Mana |
| 22:33 | Demolisher |
| 22:40 | Watch Tower |
| 22:45 | Watch Tower |
| 22:53 | Watch Tower |
| 22:54 | Watch Tower |
| 23:04 | Watch Tower |
| 23:07 | Watch Tower |
| 23:12 | Watch Tower |
| 23:14 | Demolisher |
| 23:31 | Voodoo Lounge |
| 23:40 | Watch Tower |
| 23:44 | Watch Tower |
| 23:51 | Watch Tower |
| 23:55 | Voodoo Lounge |
| 24:00 | Demolisher |
| 24:10 | Watch Tower |
| 25:07 | Feral Spirit |
| 25:20 | Watch Tower |
| Select group | 1071 |
| Right click | 1034 |
| Select | 437 |
| Misc. action | 248 |
| Build/train/purchase | 132 |
| Use ability | 45 |
| Assign group | 12 |
| Item give/drop | 4 |
| Esc | 4 |
| Minimap ping | 3 |
⇛